Mecha, neutral female human Wizard -------- -------------- ##-..%%.(| |............| # |@@....| |............| ### |*!.)*[| |............| # -------- |...........>| ### ------.------- # # ### # # # # ## # # # ----.-- ################## # |......###########---------# # ----.-# |{....| ##|.......+ ##.....|# |.....-###########........| |....|# |..._.| |........ ......# |...<.| --------- ------ ------- Mecha the Conjurer Experience level: 3 Strength: 11 Dexterity: 15 Constitution: 14 Intelligence: 17 Wisdom: 10 Charisma: 8 Health: 0(28) Energy: 4(26) Def: 1 Gold: 0 Moves: 808 Dungeon seed: UqqdhYTy2KIllNkn Game ID: Mecha_1478418339 Your Inventory: Weapons a - a blessed +1 quarterstaff (weapon in hands) Armor e - an uncursed +0 cloak of magic resistance (being worn) z - an uncursed +0 Hawaiian shirt N - an uncursed +0 Hawaiian shirt (being worn) Comestibles v - an uncursed apple Scrolls i - an uncursed scroll of earth k - an uncursed scroll of enchant armor p - an uncursed scroll of enchant weapon Spellbooks l - a blessed spellbook of force bolt m - an uncursed spellbook of magic missile u - an uncursed spellbook of detect monsters Potions f - an uncursed potion of booze h - an uncursed potion of gain level Rings d - an uncursed +2 ring of increase accuracy (on left hand) Wands b - a wand of teleportation (0:5) Tools n - an uncursed blindfold Gems q - an uncursed worthless piece of black glass r - an uncursed obsidian stone y - 2 uncursed worthless pieces of red glass Spells and supernatural/magical abilities: Name Level Category Fail Memory a - force bolt 1 attack 0% 96% m - magic missile 2 attack 0% 96% n - detect monsters 1 divination 0% 100% W - pray for help -- divine ? -- Your skills at the end: Fighting Skills Weapon Skills quarterstaff [Basic] Spellcasting Skills attack spells [Basic] enchantment spells [Basic] Final Attributes: You were stridently aligned. You were cold resistant. You were magic-protected. You were confused. You had a +2 bonus to hit. You are dead. Vanquished creatures: a small mimic a brown mold 2 jackals a kobold a grid bug 4 newts 10 creatures vanquished. Voluntary challenges: You used a wielded weapon 12 times, starting on turn 34. You read items or engraved 1 time, starting on turn 756. You never genocided any monsters. You never polymorphed an object. You never changed form. You used no wishes. You never split a pudding. You never wrote Elbereth's name. You violated your moral code, losing 1 point of alignment, starting on turn 799. Dungeon overview: The Dungeons of Doom: levels 1 to 3 Level 1 a long staircase Level 2 a general store Level 3 <- You were here a general store, an altar to Anhur, a fountain History has recorded: On T:1 you entered the Dungeons of Doom to retrieve the Amulet of Yendor! On T:388 you reached level 2 of The Dungeons of Doom. On T:505 you advanced to experience level 2. On T:616 you reached level 3 of The Dungeons of Doom. On T:674 you advanced to experience level 3. Score breakdown: Gold: 0 ( 0 points) Experience: 3 levels ( 7878 points) Exploration: 3 levels ( 6.00%) ( 6060 points) Discoveries: 3 items ( 1.05%) ( 3067 points) Valuables value: (no points given unless you survive) Artifact value: 0 ( 0 points) Variety of kills: 6 monsters ( 1.57%) ( 3764 points) Turncount: 808 turns ( 0 points) Survival: died (score multiplied by 80%) Total score: 16615 Latest messages: A bubbly potion shatters! Possogroenoe zaps a wand of striking! Boing! You don't have enough energy to cast that spell. You fail to cast the spell correctly. Possogroenoe zaps a wand of striking! Boing! You don't have enough energy to cast that spell. You miss Possogroenoe. Possogroenoe zaps a wand of striking! Boing! Possogroenoe zaps a wand of striking! Boing! You miss Possogroenoe. Possogroenoe hits! (2x) You attack thin air. Possogroenoe hits! (2x) You die... Possogroenoe takes all your possessions. Final status: Goodbye Mecha the Wizard, killed by a Ms. Possogroenoe, the shopkeeper... You died in The Dungeons of Doom on dungeon level 3 with 16615 points, and 0 pieces of gold, after 808 moves. You were level 3 with a maximum of 28 hit points when you died.